AoeStats
← zisuku

Scandinavia

512645134Analyzed
1v1 RM · 4d ago on Oct 10, 2026· 47m 54s· 2 players
Game mode
Random Map
Map size
Tiny (2 player)
Population
200
Speed
Normal
Resources
Standard
Victory
Conquest
Starting age
Dark Age
Ending age
Imperial Age
RankedLock teamsTeams togetherTeam positionsShared explorationLock speedFull tech treeHidden civsTurbo modeCheats
Victory
Defeat
🇹🇷 Celts · Türkiye
1212
+17
vs
🇷🇴 Bohemians · Romania
1229
-17
Enkidu
7:50 Loom
10:22 Feudal Age
10:56 Double-Bit Axe
13:27 Wheelbarrow
16:00 Castle Age
14:17 Fishing Lines
17:25 Bow Saw
17:52 Gold Mining
19:23 Gold Shaft Mining
19:33 Gillnets
20:25 Horse Collar
21:19 Medium Warships
22:40 Heavy Plow
25:08 Hand Cart
27:20 Stone Mining
28:44 Town Watch
31:41 Imperial Age
31:55 Stone Shaft Mining
31:23 Scale Mail Armor
31:33 Forging
31:25 Pikeman
31:53 Arson
31:53 Gambesons
32:06 Onager
33:04 Chain Mail Armor
34:18 Iron Casting
33:10 Siege Onager
34:26 Plate Mail Armor
35:12 Furor Celtica
35:27 Conscription
35:44 Hoardings
36:14 Blast Furnace
36:01 Masonry
35:56 Siege Engineers
36:52 Chemistry
36:13 Ballistics
37:47 Stronghold
39:08 Elite Woad Raider
41:49 Fletching
42:00 Padded Archer Armor
43:33 Town Patrol
43:02 Halberdier
44:55 Murder Holes
45:57 Bodkin Arrow
zisuku
9:25 Loom
12:04 Feudal Age
15:44 Castle Age
13:42 Double-Bit Axe
14:14 Horse Collar
18:11 Fervor
21:26 Wheelbarrow
23:47 Heavy Plow
31:31 Imperial Age
29:32 Hand Cart
31:05 Chemistry
31:14 Town Watch
32:21 Ballistics
32:12 Masonry
31:55 Pikeman
33:56 Conscription
37:16 Town Patrol
37:52 Padded Archer Armor
37:43 Fletching
40:08 Husbandry
39:29 Light Cavalry
40:16 Houfnice
41:38 Leather Archer Armor
41:19 Bodkin Arrow
41:29 Scale Barding Armor
42:34 Cavalier
46:38 Architecture
Connection lost

Rejoining the realm…

Still unreachable

The connection could not be restored.

Session expired

The server has moved on; the page needs a fresh start.